 Dungeon Crawl Stone Soup version 0.20.1-1-g8b1a95d (webtiles) character file.

82551 kae the Black Belt (level 15, 0/127 HPs)
             Began as a Demonspawn Gladiator on Sept 9, 2017.
             Was the Champion of Okawaru.
             Slain by a ynoxinul (7 damage)
             ... summoned by an orc sorcerer
             ... on level 2 of the Orcish Mines.
             The game lasted 00:41:18 (29242 turns).

kae the Black Belt (Demonspawn Gladiator)          Turns: 29242, Time: 00:41:20

Health: 0/127      AC: 15    Str: 23    XL:     15   Next: 29%
Magic:  22/22      EV: 17    Int: 12    God:    Okawaru [******]
Gold:   2525       SH:  0    Dex: 19    Spells: 14/14 levels left

rFire    . . .     SeeInvis +     - Unarmed
rCold    + . .     Gourm    .   (no shield)
rNeg     + . .     Faith    .   a - +3 chain mail "Bucoal" {rC+ Str+4}
rPois    .         Spirit   .   R - +0 hat
rElec    .         Reflect  .   Y - +2 cloak {MR+}
rCorr    .         Harm     .   (no gloves)
MR       ++...                  (boots unavailable)
Stlth    ..........             (no amulet)
Regen    0.4/turn               h - ring of see invisible
MPRegen  0.2/turn               s - +4 ring of evasion

@: confused, mighty, heroism, drained
A: claws 2, hooves 3, horns 2, demonic guardian 2, low mp 1, negative energy
resistance 1
a: Heroism, Finesse, Renounce Religion


You were on level 2 of the Orcish Mines.
You worshipped Okawaru.
Okawaru was exalted by your worship.
You were hungry.

You visited 4 branches of the dungeon, and saw 20 of its levels.
You also visited: Ossuary and Ice Cave.

You collected 2525 gold pieces.

Inventory:

Hand Weapons
 U - a +1 fustibalus of flaming
Missiles
 c - 5 throwing nets (quivered)
 C - 7 poisoned javelins
Armour
 a - the +3 chain mail "Bucoal" (worn) {rC+ Str+4}
   (Okawaru gifted it to you in an ice cave)

   It affects your strength (+4).
   It protects you from cold.
 r - a +2 scale mail of poison resistance
 R - a +0 hat (worn)
 Y - a +2 cloak of magic resistance (worn)
Jewellery
 h - a ring of see invisible (left claw)
 i - an uncursed ring of protection from cold
 s - a +4 ring of evasion (right claw)
 D - a +4 ring of strength
 V - an uncursed ring of resist corrosion
Wands
 m - a wand of flame (33/48)
 B - a wand of polymorph (10/24)
 L - a wand of polymorph (10/24)
 M - a wand of lightning (0/15)
 P - a wand of disintegration (10/24)
 Q - a wand of paralysis (8/24)
Scrolls
 e - 9 scrolls of teleportation
 g - 9 scrolls of remove curse
 j - 4 scrolls of recharging
 w - 2 scrolls of fog
 y - 2 scrolls of magic mapping
 E - 3 scrolls of enchant armour
 G - 6 scrolls of identify
 I - a scroll of blinking
Potions
 b - 4 potions of magic
 f - 3 potions of mutation
 k - 2 potions of haste
 l - 2 potions of cancellation
 o - 10 potions of curing
 u - 3 potions of invisibility
 z - 2 potions of brilliance
 N - 3 potions of flight
 O - 3 potions of heal wounds
 Z - a potion of agility
Books
 x - a Young Poisoner's Handbook

   Spells                             Type                      Level
   a - Sting                          Conjuration/Poison           1
   b - Poisonous Vapours              Poison/Air                   2
   c - Mephitic Cloud                 Conjuration/Poison/Air       3
   d - Olgreb's Toxic Radiance        Poison                       4
   e - Venom Bolt                     Conjuration/Poison           5
 A - a book of Misfortune

   Spells                             Type                      Level
   a - Confusing Touch                Hexes                        1
   b - Confuse                        Hexes                        3
   c - Gell's Gravitas                Translocation                3
   d - Petrify                        Transmutation/Earth          4
   e - Metabolic Englaciation         Hexes/Ice                    5
   f - Yara's Violent Unravelling     Hexes/Transmutation          5
 F - a book of Enchantments

   Spells                             Type                      Level
   a - Cause Fear                     Hexes                        4
   b - Yara's Violent Unravelling     Hexes/Transmutation          5
   c - Silence                        Hexes/Air                    5
   d - Deflect Missiles               Charms/Air                   6
   e - Discord                        Hexes                        8
 K - a book of Changes

   Spells                             Type                      Level
   a - Beastly Appendage              Transmutation                1
   b - Sticks to Snakes               Transmutation                2
   c - Spider Form                    Transmutation/Poison         3
   d - Ice Form                       Ice/Transmutation            4
   e - Blade Hands                    Transmutation                5
 S - a book of Ice

   Spells                             Type                      Level
   a - Ice Form                       Ice/Transmutation            4
   b - Metabolic Englaciation         Hexes/Ice                    5
   c - Ozocubu's Refrigeration        Ice                          6
   d - Bolt of Cold                   Conjuration/Ice              6
   e - Freezing Cloud                 Conjuration/Ice/Air          6
   f - Simulacrum                     Ice/Necromancy               6
 T - a book of Cantrips

   Spells                             Type                      Level
   a - Confusing Touch                Hexes                        1
   b - Animate Skeleton               Necromancy                   1
   c - Summon Small Mammal            Summoning                    1
   d - Apportation                    Translocation                1
 W - a book of Spatial Translocations

   Spells                             Type                      Level
   a - Blink                          Translocation                2
   b - Shroud of Golubria             Charms/Translocation         2
   c - Lesser Beckoning               Translocation                3
   d - Gell's Gravitas                Translocation                3
   e - Teleport Other                 Translocation                3
   f - Passage of Golubria            Translocation                4
 X - a book of the Earth

   Spells                             Type                      Level
   a - Leda's Liquefaction            Hexes/Earth                  4
   b - Bolt of Magma                  Conjuration/Fire/Earth       5
   c - Statue Form                    Transmutation/Earth          6
   d - Iron Shot                      Conjuration/Earth            6
   e - Shatter                        Earth                        9
Miscellaneous
 H - a lightning rod (4/4)
Comestibles
 d - 14 bread rations
 n - 8 meat rations
 p - 10 royal jellies
 q - 36 fruits


   Skills:
 + Level 14.4(19.1) Fighting
 - Level 1.7(6.4) Throwing
 - Level 2.6(7.4) Dodging
 * Level 18.0(22.6) Unarmed Combat
 + Level 13.6(13.3) Invocations


You had 14 spell levels left.
You didn't know any spells.

Dungeon Overview and Level Annotations

Branches:
Dungeon (11/15)            Temple (1/1) D:4            Lair (6/6) D:10
  Swamp (0/4) Lair:4       Spider (0/4) Lair:2        Slime (0/5) Lair:5
    Orc (2/2) D:9             Elf (0/3) Orc:2

Altars:
Ashenzari
Cheibriados
Dithmenos
Elyvilon
Fedhas
Gozag
Hepliaklqana
Kikubaaqudgha
Makhleb
Nemelex Xobeh
Okawaru
Qazlal
Ru
Sif Muna
Trog
Uskayaw
Vehumet
Xom
Yredelemnul
Zin
The Shining One
Beogh
Jiyva

Shops:
Orc:2 [:*

Annotations:
D:2 1 runed door
D:7 1 exclusion


Innate Abilities, Weirdness & Mutations

You have very sharp fingernails.
You have hooves in place of feet.
You have a pair of horns on your head.
A demonic guardian rushes to your aid.
You resist negative energy. (rN+)
Your magical capacity is low. (-10% MP)


Message History

The orc knight no longer looks unusually strong.
The smoke demon disappears in a puff of smoke!
The ufetubus closely misses you. The ufetubus misses you.
Your smoke demon hits the orc warrior.
Your smoke demon hits the orc warrior but does no damage.
Your smoke demon barely misses the orc warrior.
The ufetubus closely misses you. x2; The orc sorcerer misses you.
The soul eater hits you!
* * * LOW HITPOINT WARNING * * *
You closely miss the soul eater.
You kick the soul eater, but do no damage.
You claw the soul eater!
The soul eater is lightly wounded.
The orc sorcerer points at you and mumbles some strange words.
The bolt of negative energy hits you! You partially resist.
You feel drained.
* * * LOW HITPOINT WARNING * * *
The bolt of negative energy misses the ufetubus. x2
The hellwing closely misses you. The hellwing barely misses you.
The ynoxinul hits you!
You die...

#..... .#.#
..P.........## ...
.....P......$.## ...
...$...........# ...
.........$....# ...
.............## ...
.......54...#.## ..
......5o335....# ..
.....(oo@55...# ..
.......5o45...## #...
.........3.....# .....
..............##
..................#.(.#
....#.................#
....#.............#..##
...................###
...................##


You could see an orc knight, a soul eater, a hellwing, a ynoxinul, a chaos
spawn, 2 orc sorcerers, an orc warrior, 7 ufetubi and a friendly smoke demon.

Vanquished Creatures
  Rupert (Lair:3)
  Gastronok (Lair:3)
  An orc warlord (Orc:2)
  A frost giant (IceCv)
  The ghost of Frank the Unseen, a journeyman OpMo of Dithmenos (Lair:6)
  The ghost of manon the Bludgeoner, a journeyman GrFi of Okawaru (Lair:6)
  The ghost of vomix the Cleaver, a journeyman MiBe of Trog (D:11)
  4 hydras
  The ghost of Stelteck the Destroyer, a journeyman DrCj of Sif Muna (Orc:1)
  A catoblepas (Lair:6)
  4 two-headed ogres
  A deep troll shaman (Lair:6)
  9 death yaks
  The ghost of Targos the Carver, a novice HuFi of Uskayaw (D:8)
  4 orc high priests
  5 orc knights
  An ugly thing (D:11)
  Pikel (D:4)
  2 orc sorcerers (Orc:2)
  A cyclops (D:10)
  2 black mambas
  13 elephants
  13 spiny frogs
  A torpor snail (Lair:6)
  A centaur skeleton (D:10)
  5 rime drakes
  6 komodo dragons
  A kobold demonologist (D:11)
  3 trolls
  19 polar bears
  6 blink frogs
  6 dream sheep
  11 hippogriffs
  3 spriggans (Lair:3)
  3 redbacks (Lair:2)
  55 yaks
  5 wyverns
  2 basilisks
  2 steam dragons (D:10)
  6 wargs
  18 water moccasins
  8 porcupines
  32 orc warriors
  3 sky beasts
  A black bear (Lair:6)
  2 ice beasts (D:9)
  2 phantoms
  3 slaves (D:4)
  77 wolves
  10 ogres
  7 centaurs
  9 crocodiles
  4 elf zombies (Ossuary)
  A big kobold (D:5)
  9 bullfrogs
  6 scorpions
  A water moccasin skeleton (D:4)
  10 killer bees
  5 wights (D:9)
  A vampire bat (D:7)
  8 crimson imps
  5 jellies
  6 hounds
  2 centaur zombies (Ossuary)
  A gnoll shaman (D:6)
  5 human zombies (Ossuary)
  18 orc priests
  2 wyvern simulacra (D:9)
  3 bullfrog skeletons
  3 iguanas
  20 orc wizards
  6 worker ants
  2 hound zombies
  4 hound skeletons
  3 mummies (Ossuary)
  3 worker ant zombies
  A howler monkey skeleton (D:6)
  10 adders
  8 gnolls
  4 shadow imps
  3 white imps (D:9)
  An ufetubus (D:9)
  2 adder skeletons
  An adder zombie (D:5)
  A worm (D:2)
  4 dart slugs
  An adder simulacrum (D:9)
  5 leopard geckos
  85 orcs
  7 bats
  A bat skeleton (D:7)
  3 bat zombies (D:7)
  8 giant cockroaches
  4 goblins
  6 hobgoblins
  8 jackals
  14 kobolds
  4 quokkas
  3 ball pythons
  4 frilled lizards
  2 leopard gecko skeletons (D:6)
  2 leopard gecko zombies
  A quokka zombie (D:5)
  8 rats
  A fungus (Lair:6)
707 creatures vanquished.

Vanquished Creatures (collateral kills)
  The ghost of BGT the Arsonist, a journeyman DrFE of Qazlal (Lair:2)
  A fire dragon (D:11)
  4 hydras
  The ghost of Amon001 the Fighter, a journeyman GrFi of Hepliaklqana (Lair:2)
  An orc high priest (Orc:1)
  An orc sorcerer (Orc:1)
  An orc knight (Orc:2)
  A centaur zombie (D:10)
  4 spiny frogs
  A polar bear (Lair:5)
  A hornet (D:10)
  4 blink frogs
  4 dream sheep (Lair:6)
  6 yaks
  A basilisk (Lair:3)
  Menkaure (D:4)
  A warg (Orc:2)
  2 orc warriors
  A slave (D:4)
  11 wolves
  A centaur (D:11)
  An elf zombie (Ossuary)
  A bullfrog (Lair:3)
  2 orc priests
  A centaur skeleton (D:4)
  3 gnolls
  A shadow imp (D:8)
  10 orcs
  A jackal (D:5)
  A plant (Lair:3)
70 creatures vanquished.

Vanquished Creatures (others)
  An orc wizard (Orc:1)
  An orc (D:3)
  2 bushes
  26 fungi
  21 plants
  4 toadstools (D:1)
55 creatures vanquished.

Grand Total: 832 creatures vanquished

Notes
Turn   | Place    | Note
-------+----------+-------------------------------------------
     0 | D:1      | kae the Demonspawn Gladiator began the quest for the Orb.
     0 | D:1      | Reached XP level 1. HP: 16/16 MP: 1/1
   236 | D:1      | Reached skill level 3 in Unarmed Combat
   243 | D:1      | Gained mutation: You have sharp fingernails. [demonic ancestry]
   243 | D:1      | Reached XP level 2. HP: 22/22 MP: 2/2
  1583 | D:2      | Gained mutation: You have large cloven feet. [demonic ancestry]
  1583 | D:2      | Reached XP level 3. HP: 28/28 MP: 3/3
  1954 | D:2      | Found a runed door.
  2272 | D:3      | Reached skill level 4 in Unarmed Combat
  2444 | D:3      | Gained mutation: A weak demonic guardian rushes to your aid. [demonic ancestry]
  2444 | D:3      | Reached XP level 4. HP: 16/34 MP: 4/4
  2851 | D:3      | Reached XP level 5. HP: 35/41 MP: 5/5
  3199 | D:4      | Noticed Menkaure
  3324 | D:4      | Reached skill level 5 in Unarmed Combat
  3898 | D:4      | Gained mutation: You have a pair of small horns on your head. [demonic ancestry]
  3898 | D:4      | Reached XP level 6. HP: 7/48 MP: 6/6
  4424 | D:4      | Killed Menkaure
  4460 | D:4      | Noticed a slave
  4461 | D:4      | Noticed a slave
  4461 | D:4      | Noticed a slave
  4484 | D:4      | Killed a slave
  4487 | D:4      | Killed a slave
  4511 | D:4      | Noticed a slave
  4522 | D:4      | Noticed Pikel
  4522 | D:4      | Killed a slave
  4558 | D:4      | Killed a slave
  4572 | D:4      | Killed Pikel
  4572 | D:4      | Reached skill level 5 in Fighting
  4572 | D:4      | Reached skill level 6 in Unarmed Combat
  4572 | D:4      | Gained mutation: You have hoof-like feet. [demonic ancestry]
  4572 | D:4      | Reached XP level 7. HP: 38/56 MP: 7/7
  4742 | D:4      | Found a staircase to the Ecumenical Temple.
  4805 | Temple   | Entered the Ecumenical Temple
  4901 | Temple   | Became a worshipper of Warmaster Okawaru
  4969 | D:4      | Reached skill level 7 in Unarmed Combat
  5420 | D:5      | Entered Level 5 of the Dungeon
  5565 | D:5      | Gained mutation: You have a pair of horns on your head. [demonic ancestry]
  5565 | D:5      | Reached XP level 8. HP: 43/63 MP: 8/8
  5568 | D:5      | Reached * piety under Okawaru
  5595 | D:5      | Reached skill level 8 in Unarmed Combat
  6910 | D:6      | Reached ** piety under Okawaru
  6960 | D:6      | Reached skill level 9 in Unarmed Combat
  7063 | D:6      | Found an opulent altar of Gozag.
  7343 | D:6      | Reached XP level 9. HP: 70/71 MP: 9/9
  7344 | D:6      | Found a deep blue altar of Sif Muna.
  7440 | D:6      | Found a shattered altar of Ashenzari.
  7584 | D:7      | Found a sand-covered staircase.
  7629 | Ossuary  | Entered an ossuary
  7881 | Ossuary  | Reached skill level 10 in Unarmed Combat
  7886 | Ossuary  | Reached *** piety under Okawaru
  8524 | D:7      | Found an ancient bone altar of Kikubaaqudgha.
  8526 | D:7      | Received a gift from Okawaru
  8654 | D:7      | Reached skill level 11 in Unarmed Combat
  8898 | D:8      | Gained mutation: You have hooves in place of feet. [demonic ancestry]
  8898 | D:8      | Reached XP level 10. HP: 29/82 MP: 10/10
  9487 | D:8      | Noticed Targos's ghost (novice HuFi)
  9500 | D:8      | Killed Targos's ghost
  9500 | D:8      | Reached **** piety under Okawaru
  9680 | D:8      | Noticed a two-headed ogre
  9697 | D:8      | Killed a two-headed ogre
  9697 | D:8      | Reached skill level 12 in Unarmed Combat
 10138 | D:9      | Found a staircase to the Orcish Mines.
 10340 | D:9      | Found a bloodstained altar of Trog.
 10343 | D:9      | Found a hide-covered altar of Uskayaw.
 10346 | D:9      | Found a sparkling altar of Nemelex Xobeh.
 10973 | D:9      | Reached ***** piety under Okawaru
 11319 | D:9      | Found an ancient bone altar of Kikubaaqudgha.
 11352 | D:10     | Entered Level 10 of the Dungeon
 11360 | D:10     | Gained mutation: A demonic guardian rushes to your aid. [demonic ancestry]
 11360 | D:10     | Reached XP level 11. HP: 62/90 MP: 11/11
 11778 | D:10     | Paralysed by a hornet for 3 turns
 11780 | D:10     | Reached skill level 10 in Fighting
 12154 | D:10     | Reached skill level 13 in Unarmed Combat
 12189 | D:10     | Found a sparkling altar of Nemelex Xobeh.
 12853 | D:10     | Found a staircase to the Lair.
 12988 | D:10     | Noticed a two-headed ogre
 12994 | D:10     | Killed a two-headed ogre
 13280 | Lair:1   | Entered Level 1 of the Lair of Beasts
 13299 | Lair:1   | Received a gift from Okawaru
 13686 | Lair:1   | Reached skill level 1 in Invocations
 14052 | Lair:1   | Reached skill level 14 in Unarmed Combat
 14773 | Lair:2   | Noticed a seven-headed hydra
 14776 | Lair:2   | Killed a seven-headed hydra
 14893 | Lair:2   | Noticed a four-headed hydra
 14902 | Lair:2   | Killed a four-headed hydra
 14930 | Lair:2   | Gained mutation: You have very sharp fingernails. [demonic ancestry]
 14930 | Lair:2   | Reached XP level 12. HP: 100/100 MP: 15/15
 15259 | Lair:2   | Noticed Amon001's ghost (journeyman GrFi)
 15269 | Lair:2   | Killed Amon001's ghost
 15269 | Lair:2   | Reached skill level 5 in Invocations
 15416 | Lair:2   | Received a gift from Okawaru
 15643 | Lair:2   | Noticed BGT's ghost (journeyman DrFE)
 15644 | Lair:2   | Found a hole to the Spider Nest.
 15652 | Lair:2   | Killed BGT's ghost
 16333 | Lair:3   | Noticed Gastronok
 16486 | Lair:3   | Killed Gastronok
 16486 | Lair:3   | Received a gift from Okawaru
 16486 | Lair:3   | Reached skill level 15 in Unarmed Combat
 16693 | Lair:3   | Reached ****** piety under Okawaru
 17161 | Lair:3   | Received a gift from Okawaru
 17461 | Lair:3   | Reached XP level 13. HP: 96/108 MP: 19/19
 17774 | Lair:3   | Noticed Rupert
 17785 | Lair:3   | Killed Rupert
 18174 | Lair:4   | Found an opulent altar of Gozag.
 18200 | Lair:4   | Found a staircase to the Swamp.
 19453 | Lair:5   | Reached skill level 16 in Unarmed Combat
 19789 | Lair:5   | Found a viscous altar of Jiyva.
 19790 | Lair:5   | Found a staircase to the Slime Pits.
 20322 | Lair:6   | Entered Level 6 of the Lair of Beasts
 20322 | Lair:6   | Noticed Frank's ghost (journeyman OpMo)
 20485 | Lair:5   | Received a gift from Okawaru
 20505 | Lair:5   | Reached skill level 10 in Invocations
 20756 | Lair:6   | Noticed manon's ghost (journeyman GrFi)
 21406 | Lair:6   | Killed Frank's ghost
 21422 | Lair:6   | Killed manon's ghost
 22229 | Lair:6   | Received a gift from Okawaru
 22268 | Lair:6   | Gained mutation: You resist negative energy. (rN+) [demonic ancestry]
 22268 | Lair:6   | Reached XP level 14. HP: 100/118 MP: 22/22
 23211 | Lair:6   | Reached skill level 17 in Unarmed Combat
 24464 | D:11     | Noticed vomix's ghost (journeyman MiBe)
 24486 | D:11     | Killed vomix's ghost
 24528 | D:11     | Found a frozen archway.
 24593 | IceCv    | Entered an ice cave
 24772 | IceCv    | Received a gift from Okawaru
 24945 | IceCv    | Got a pitted chain mail {god gift}
 24956 | IceCv    | Identified the +3 chain mail "Bucoal" {rC+ Str+4} (Okawaru gifted it to you in an ice cave)
 25429 | IceCv    | Noticed a frost giant
 25441 | IceCv    | Killed a frost giant
 26433 | Orc:1    | Entered Level 1 of the Orcish Mines
 26441 | Orc:1    | Noticed Stelteck's ghost (journeyman DrCj)
 26460 | Orc:1    | Found a roughly hewn altar of Beogh.
 26482 | Orc:1    | Killed Stelteck's ghost
 27008 | Orc:2    | Entered Level 2 of the Orcish Mines
 27008 | Orc:2    | Found Ipsey's General Store.
 27019 | Orc:2    | Reached XP level 15. HP: 104/126 MP: 22/24
 27536 | Orc:2    | Found a staircase to the Elven Halls.
 27852 | Orc:2    | Found Taxoqut's Antique Armour Emporium.
 27870 | Orc:2    | Found Maotzu's Book Boutique.
 28849 | Orc:2    | Reached skill level 18 in Unarmed Combat
 29221 | Orc:2    | Noticed an orc warlord
 29231 | Orc:2    | Killed an orc warlord
 29231 | Orc:2    | Received a gift from Okawaru
 29232 | Orc:2    | Gained mutation: Your magical capacity is low. (-10% MP) [a neqoxec]
 29242 | Orc:2    | Slain by a ynoxinul

Skill      XL: |  1  2  3  4  5  6  7  8  9 10 11 12 13 14 15 |
---------------+----------------------------------------------+-----
Unarmed Combat | 3 4 5 6 7 9 11 12 14 15 16 17 18 | 18.0
Fighting       | 3 5 6 8 9 11 12 13 14 | 14.4
Invocations    | 4 8 10 13 | 13.6
Throwing       | |  1.7
Dodging        | |  2.6

Action                   |  1- 3 |  4- 6 |  7- 9 | 10-12 | 13-15 || total
-------------------------+-------+-------+-------+-------+-------++-------
Melee: Unarmed           |   130 |   155 |   368 |   514 |   901 ||  2068
       Kick              |     8 |    39 |   114 |   166 |   320 ||   647
       Punch             |       |     2 |    11 |    38 |    84 ||   135
       Headbutt          |       |    12 |    81 |   117 |   201 ||   411
Invok: Heroism           |       |       |       |    11 |    21 ||    32
       Finesse           |       |       |       |       |     2 ||     2
Evoke: Wand              |       |     3 |     9 |    13 |     8 ||    33
  Use: Scroll            |       |    11 |    10 |     5 |     8 ||    34
       Potion            |       |     2 |     1 |     1 |     3 ||     7
 Stab: Distracted        |       |     2 |       |     4 |     5 ||    11
  Eat: Chunk             |     3 |     6 |    14 |    27 |    37 ||    87
       Royal jelly       |     1 |       |       |       |       ||     1
Armor: Leather armour    |    31 |    25 |       |       |       ||    56
       Scale mail        |       |    14 |    83 |   102 |   174 ||   373
       Skin              |       |       |       |     1 |       ||     1
       Chain mail        |       |       |       |       |   141 ||   141
Dodge: Dodged            |    64 |    71 |   164 |   254 |   646 ||  1199
